 Dungeon Crawl Stone Soup version 0.23.1 (webtiles) character file.

Game seed: 15909980734891807747

22 Borgoz the Sneak (level 2, -2/20 HPs)
             Began as a Minotaur Enchanter on Mar 9, 2019.
             Slain by a gnoll
             ... wielding a +0 whip
              (8 damage)
             ... on level 1 of the Dungeon.
             The game lasted 00:00:54 (834 turns).

Borgoz the Sneak (Minotaur Enchanter)                Turns: 834, Time: 00:00:55

Health: -2/20      AC:  3    Str: 12    XL:     2   Next: 68%
Magic:  1/3        EV: 12    Int: 12    God:
Gold:   25         SH:  0    Dex: 10    Spells: 2/3 levels left

rFire    . . .     SeeInvis .   a - +1 dagger
rCold    . . .     Gourm    .   (no shield)
rNeg     . . .     Faith    .   b - +0 robe
rPois    .         Spirit   .   (helmet restricted)
rElec    .         Reflect  .   (no cloak)
rCorr    .         Harm     .   c - +0 pair of gloves
MR       .....                  (no boots)
Stlth    ++........             (no amulet)
HPRegen  0.06/turn              (no ring)
MPRegen  0.08/turn              (no ring)

@: no status effects
A: retaliatory headbutt, horns 2
a: no special abilities


You were on level 1 of the Dungeon.
You were not hungry.

You visited 1 branch of the dungeon, and saw 2 of its levels.

You collected 25 gold pieces.

Inventory:

Hand Weapons
 a - a +1 dagger (weapon)
Armour
 b - a +0 robe (worn)
 c - a +0 pair of gloves (worn)
Scrolls
 f - a scroll of blinking {unknown}
 g - a scroll of amnesia {unknown}
 i - 2 scrolls of identify {unknown}
 j - 2 scrolls of magic mapping {unknown}
 n - a scroll of remove curse {unknown}
Potions
 e - a potion of curing {unknown}
 h - a potion of brilliance {unknown}
 k - a potion of berserk rage {unknown}
 m - a potion of ambrosia {unknown}
Comestibles
 d - 3 rations
 l - 2 chunks of flesh


   Skills:
 + Level 1.1 Short Blades
 + Level 2.2 Dodging
 + Level 3.0 Stealth
 + Level 1.4 Spellcasting
 + Level 2.2 Hexes


You had 2 spell levels left.
You knew the following spells:

 Your Spells              Type           Power        Failure   Level  Hunger
a - Corona                Hex            #......      12%         1    ##.....

Your spell library contained the following spells:

 Spells                   Type           Power        Failure   Level  Hunger
 Ensorcelled Hibernation  Hex/Ice        #.....       28%         2    ###....
 Confuse                  Hex            #.......     34%         3    ####...
 Tukima's Dance           Hex            #.......     34%         3    ####...
 Dazzling Spray           Conj/Hex       #.....       50%         3    ####...


Dungeon Overview and Level Annotations

Branches:
Dungeon (2/15)

Altars:


Innate Abilities, Weirdness & Mutations

You reflexively headbutt those who attack you in melee.
You have a pair of horns on your head.


Message History

Aim: a gnoll, wielding a +0 whip (chance to defeat MR: 50%)
The gnoll resists with significant effort.
The gnoll hits you with a +0 whip!
Casting: Corona (safe; 12% risk of failure)
Confirm with . or Enter, or press ? or * to list all spells.
Aiming: Corona (safe; 12% risk of failure)
Press: ? - help, Shift-Dir - straight line, f/p - gnoll
Aim: a gnoll, wielding a +0 whip (chance to defeat MR: 50%)
The gnoll is outlined in light.
The gnoll hits you with a +0 whip.
You are too injured to fight recklessly!
You are too injured to fight recklessly!
You are too injured to fight recklessly!
You hit the gnoll but do no damage. The gnoll hits you with a +0 whip.
* * * LOW HITPOINT WARNING * * *
You hit the gnoll but do no damage. You hit the gnoll but do no damage.
The gnoll hits you but does no damage.
You hit the gnoll. You headbutt the gnoll!
The gnoll is severely wounded.
The gnoll hits you with a +0 whip!
You die...

#..# #.......###........ #####..#
##.#.#.#.########## .......#
#.........## #####.##
##.#.#.#.#.# #.### #.÷.)......#
#...# ##.#.#.#.#.# # ###.#
#..........# # #.# ##g#.#.#.#.#
### #.# #.@........# ####
..#####.########.#.#.#.#.# ##...
#.........÷......####.##.####.†..
#######.########.# #............
........# #.#######.####....
.######## #.........# ##... ##
########### #### # #


You could see a gnoll.

Vanquished Creatures
  A giant cockroach (D:1)
  3 goblins (D:1)
  6 hobgoblins (D:1)
  2 jackals (D:1)
  A kobold (D:1)
  4 bats (D:1)
17 creatures vanquished.

Notes
Turn   | Place    | Note
-------+----------+-------------------------------------------
     0 | D:1      | Borgoz the Minotaur Enchanter began the quest for the Orb.
     0 | D:1      | Reached XP level 1. HP: 14/14 MP: 1/1
   393 | D:1      | Reached XP level 2. HP: 20/20 MP: 3/3
   585 | D:1      | Reached skill level 3 in Stealth
   834 | D:1      | Slain by a gnoll

Skill      XL: |  1  2 |
---------------+-------+-----
Stealth        | 3 |  3.0
Short Blades   | |  1.1
Dodging        | |  2.2
Spellcasting   | |  1.4
Hexes          | |  2.2

Action                   || total
-------------------------++-------
Melee: Dagger            ||    43
       Headbutt          ||     4
 Cast: Corona            ||     2
 Stab: Sleeping          ||     3
Armor: Robe              ||    10
Dodge: Dodged            ||    33
